Unix NetHack Version 5.0.0-0 post-release - last build May  4 2026 22:22:43 (774f63e81ad911689b3a0859ea89b322d5daca8d,branch:main).

Game began 2026-05-10 09:54:54, ended 2026-05-10 10:20:29.

Booker, lawful male human Knight

                  -.--.
                  |<|*-
                  |.*.---
            ----  -*G...|
            |..|--.%@...|
            |..--...u..-
            |..........--
            --..)......)--
             |0---.......--
                 |........|
                 ----.....|
                    ----..|
                       ----
Booker the Esquire       St:16 Dx:9 Co:10 In:8 Wi:18 Ch:17  Lawful S:457
Dlvl:3  $:35 HP:0(28) Pw:21(21) AC:0  Xp:3/63 T:1614  Burdened

Latest messages:
 You miss the gnome.
 You miss the gnome.
 The gnome swings her aklys.
 The gnome misses!
 You kill the gnome!
 You see here an aklys.
 You hear some noises in the distance.
 You are hit by a dart.
 You hear some noises in the distance.
 You hear some noises.
 You hear some noises in the distance.
 You hear some noises.
 You swap places with MrEd.
 You swap places with MrEd.
 You kill the gnome!
 You see here a yellowish brown gem.
 The gnome lord misses!
 You miss the gnome lord.
 The gnome lord hits!
 You hit the gnome lord!
 The gnome lord hits!
 You hit the gnome lord!
 The gnome lord misses!
 You miss the gnome lord.
 MrEd picks up a rusty dagger.
 The gnome lord hits!
 You miss the gnome lord.
 The gnome lord hits!
 #
 You begin praying to Lugh.
 You are surrounded by a shimmering light.
 The gnome lord starts to attack you, but pulls back.
 MrEd misses the gnome lord.
 MrEd misses the gnome lord.
 MrEd hits the gnome lord.
 The gnome lord is killed!
 You finish your prayer.
 You feel that Lugh is well-pleased.
 You feel much better.
 The gnome king misses!
 You miss the gnome king.
 The gnome king hits!
 You miss the gnome king.
 The gnome king hits!
 You hit the gnome king!
 The gnome king misses!
 The gnome king hits!
 You hit the gnome king.
 The gnome king hits!
 You die...

Inventory:
 Coins    ('$')
  $ - 35 gold pieces
 Weapons  (')')
  a - a blessed +1 long sword (weapon in right hand)
  b - an uncursed +1 lance (alternate weapon; not wielded)
 Armor    ('[')
  d - an uncursed +0 helmet (being worn)
  r - an uncursed +0 pair of leather gloves (being worn)
  s - an uncursed +0 pair of iron shoes (being worn)
  e - an uncursed +0 small shield (being worn)
  A - an uncursed +0 dwarvish cloak (being worn)
  c - an uncursed +2 ring mail (being worn)
 Comestibles  ('%')
  g - 12 uncursed apples
  h - 10 uncursed carrots
  m - 2 uncursed food rations
  t - 2 uncursed lichen corpses
 Scrolls  ('?')
  v - an uncursed scroll of scare monster
 Potions  ('!')
  x - an uncursed potion of gain energy
  y - a cursed potion of healing
 Wands    ('/')
  z - an uncursed wand of digging (0:7)
  w - an uncursed wand of teleportation (0:4)

Booker the Knight's attributes:

Background:
 You were an Esquire, a level 3 male human Knight.
 You were lawful, on a mission for Lugh
 who was opposed by Brigit (neutral) and Manannan Mac Lir (chaotic).
 You were right-handed.
 You were in the Gnomish Mines, on level 3.
 You entered the dungeon 1614 turns ago.
 You had 63 experience points, 17 more were needed to attain level 4.
 Your score was 457 before end-of-game adjustments.

Basics:
 You had 0 out of 28 hit points.
 You had all 21 energy points (spell power).
 Your armor class was 0.
 Your wallet contained 35 zorkmids.
 Autopickup was on for '$%?!"=/' plus thrown, with exceptions.

Final Characteristics:
 Your strength was 16 (limit:18/100).
 Your dexterity was 9 (limit:18).
 Your constitution was 10 (limit:18).
 Your intelligence was 8 (limit:18).
 Your wisdom was 18 (limit:18).
 Your charisma was 17 (limit:18).

Final Status:
 You weren't hungry.
 You were burdened; movement was slightly slowed.
 You were wielding a long sword.
 You had basic skill with long sword.

Final Attributes:
 You were devoutly aligned.
 Your items were somewhat protected from fire.
 Your items were somewhat protected from cold.
 You could jump.
 You were warded.
 You are dead.

Miscellaneous:
 You disabled loading and storing of bones levels.
 Total elapsed playing time was 24 minutes and 9 seconds.

Major events:
 Turn
    1: Booker the lawful male human Knight entered the dungeon
 1454: entered the Gnomish Mines
 1463: attained the rank of Esquire (level 3)
 1614: killed by a gnome king

You didn't know any spells.

Skills:
 Fighting Skills
   bare handed combat [Unskilled]
   two weapon combat  [Unskilled]
   riding             [Basic]
 Weapon Skills
   dagger             [Unskilled]
   knife              [Unskilled]
   axe                [Unskilled]
   pick-axe           [Unskilled]
   short sword        [Unskilled]
   broadsword         [Unskilled]
   long sword         [Basic]
   two-handed sword   [Unskilled]
   saber              [Unskilled]
   club               [Unskilled]
   mace               [Unskilled]
   morning star       [Unskilled]
   flail              [Unskilled]
   hammer             [Unskilled]
   polearms           [Unskilled]
   spear              [Unskilled]
   trident            [Unskilled]
   lance              [Basic]
   bow                [Unskilled]
   crossbow           [Unskilled]
 Spellcasting Skills
   attack spells      [Unskilled]
   healing spells     [Unskilled]
   clerical spells    [Unskilled]

Voluntary challenges:
 Character rerolling was not enabled.
 You never genocided any monsters.
 You never polymorphed an object.
 You never changed form.
 You used no wishes.
Achievements:
 You entered a shop.
 You entered the Gnomish Mines.
 You attained the rank of Esquire.

 The Dungeons of Doom: levels 1 to 3
    Level 1:
    Level 2:
       An armor shop, a fountain.
       Stairs down to The Gnomish Mines.
    Level 3:
 The Gnomish Mines:
    Level 3: <- You were here.
       Final resting place for
          you, killed by a gnome king.


Vanquished creatures:
  2 gnome leaders
  2 dwarves
  2 hobbits
  6 gnomes
  4 jackals
  a fox
  3 kobolds
  2 goblins
  a grid bug
  4 lichens
  4 newts
31 creatures vanquished.

No species were genocided or became extinct.

Game over:
                       ----------
                      /          \
                     /    REST    \
                    /      IN      \
                   /     PEACE      \
                  /                  \
                  |      Booker      |
                  |      35 Au       |
                  |   killed by a    |
                  |    gnome king    |
                  |                  |
                  |                  |
                  |       2026       |
                 *|     *  *  *      | *
        _________)/\\_//(\/(/\)/\//\/|_)_______

Fare thee well Booker the Knight...

You died in The Gnomish Mines on dungeon level 3 with 454 points,
and 35 pieces of gold, after 1614 moves.
You were level 3 with a maximum of 28 hit points when you died.

